 Dungeon Crawl Stone Soup version 0.28.0-53-g5a82cb258f (webtiles) character file.

Game seed: 11544702535918442067

324 moldycheese5 the Slasher (level 6, 0/41 HPs)
             Began as a Demonspawn Gladiator on June 17, 2022.
             Was a Follower of Hepliaklqana.
             Slain by a lemure (4 damage)
             ... led by Pikel
             ... on level 6 of the Dungeon.
             The game lasted 00:09:53 (3741 turns).

moldycheese5 the Slasher (Demonspawn Gladiator)     Turns: 3741, Time: 00:09:54

Health: 0/41       AC: 20    Str: 17    XL:     6   Next: 23%
Magic:  6/6        EV: 10    Int:  9    God:    Hepliaklqana [*.....]
Gold:   110        SH:  0    Dex: 14    Spells: 5/5 levels left

rFire   x . .      SeeInvis .   a - +0 long sword
rCold   + + .      Faith    .   (no shield)
rNeg    . . .      Spirit   .   i - +3 ice dragon scales
rPois   .          Reflect  .   c - +0 helmet
rElec   .          Harm     .   (no cloak)
rCorr   +          Rampage  .   g - +2 pair of gloves
Will    .....                   (no boots)
Stlth   ..........              (no amulet)
HPRegen 0.13/turn               j - ring of resist corrosion
MPRegen 0.10/turn               (no ring)

@: no status effects
A: reduced essence, hooves 1, molten scales 2
a: Renounce Religion, Recall Ancestor, Ancestor Identity


You were on level 6 of the Dungeon.
You worshipped Hepliaklqana.
Hepliaklqana was aware of your devotion.
You visited 1 branch of the dungeon, and saw 6 of its levels.

You collected 110 gold pieces.

Inventory:

Hand Weapons
 a - a +0 long sword (weapon)
Missiles
 d - 3 throwing nets (quivered)
Armour
 c - a +0 helmet (worn)
 g - a +2 pair of gloves (worn)
 i - +3 ice dragon scales (worn)
Jewellery
 j - a ring of resist corrosion (left hand)
Scrolls
 e - 2 scrolls of amnesia
 h - a scroll of teleportation {unknown}
 k - a scroll of torment {unknown}
 n - a scroll of blinking {unknown}
 o - 2 scrolls of identify
 p - a scroll of fog {unknown}
Potions
 b - a potion of attraction {unknown}
 f - 2 potions of curing
 l - a potion of lignification
 m - 3 potions of heal wounds


   Skills:
 + Level 2.7 Fighting
 + Level 4.5 Long Blades
 + Level 1.7 Throwing
 + Level 2.1 Armour
 + Level 3.8 Dodging
 + Level 1.5 Stealth


You had 5 spell levels left.
You didn't know any spells.
Your spell library contained the following spells:

 Spells                   Type           Power      Damage    Failure   Level
 Frozen Ramparts          Ice            0%         1d2       99%         3
 Ice Form                 Ice/Tmut       0%         N/A       100%        4
 Summon Ice Beast         Ice/Summ       0%         N/A       100%        4


Dungeon Overview and Level Annotations

Branches:
Dungeon (6/15)             Temple (0/1) D:4

Altars:
Hepliaklqana
Makhleb
Trog
Xom
The Shining One

Shops:
D:2 =**:   D:4 (

Annotations:
D:5 Pikel


Innate Abilities, Weirdness & Mutations

Your life essence is reduced to manifest your ancestor. (-10% HP)
You have large cloven feet.
You are mostly covered in molten scales. (AC +3)


Message History

The lemure is moderately wounded.
The lemure hits you. Pikel hits you but does no damage.
You closely miss the lemure. You kick the lemure, but do no damage.
The lemure is moderately wounded.
The lemure hits you.
Pikel hits you with a +1 whip of flaming.
Pikel burns you.
You are too injured to fight recklessly!
You are too injured to fight recklessly!
You are too injured to fight recklessly!
Okay, then.
The lemure hits you but does no damage.
Pikel hits you with a +1 whip of flaming!
* * * LOW HITPOINT WARNING * * *
Pikel burns you.
* * * LOW HITPOINT WARNING * * *
The lemure closely misses you.
There is a stone staircase leading down here.
You climb downwards.
Found a short sword.
There is a stone staircase leading up here.
You are too injured to fight recklessly!
You are too injured to fight recklessly!
You are too injured to fight recklessly!
You are too injured to fight recklessly!
You are too injured to fight recklessly!
You closely miss the lemure. You kick the lemure, but do no damage.
The lemure is moderately wounded.
The lemure hits you but does no damage. x2; The lemure closely misses you.
You barely miss the lemure.
The lemure is moderately wounded.
The lemure hits you but does no damage. x3
You closely miss the lemure.
The lemure is moderately wounded.
The lemure hits you but does no damage. The lemure hits you.
* * * LOW HITPOINT WARNING * * *
You closely miss the lemure. Your kick misses the lemure.
The lemure is moderately wounded.
The lemure hits you.
You die...

#. # #) .###
##.#####...
####........###
...............
............#
......5.....#
.......@5..#
......######
..... .... ...
.. #


You could see 2 lemures.

Vanquished Creatures
  A lemure (D:5)
  A crimson imp (D:4)
  A centaur skeleton (D:4)
  An iguana (D:4)
  An orc wizard (D:4)
  Robin (D:3)
  3 adders (D:2)
  2 worms
  3 dart slugs
  7 orcs
  5 endoplasms
  5 giant cockroaches
  10 goblins
  10 hobgoblins
  A quokka (D:2)
  4 ball pythons
  7 bats
  A frilled lizard (D:3)
  3 kobolds
  3 rats
70 creatures vanquished.

Vanquished Creatures (collateral kills)
  A necrophage (D:4)
  An endoplasm (D:4)
  A kobold (D:4)
3 creatures vanquished.

Vanquished Creatures (others)
  An ancestor (D:5)
1 creature vanquished.

Grand Total: 74 creatures vanquished

Notes
Turn   | Place    | Note
-------+----------+-------------------------------------------
     0 | D:1      | moldycheese5 the Demonspawn Gladiator began the quest for
                  | the Orb.
     0 | D:1      | Reached XP level 1. HP: 16/16 MP: 1/1
   246 | D:1      | Reached skill level 3 in Long Blades
   422 | D:1      | You fall into a shaft and drop 1 floor!
   439 | D:2      | Found a faded altar of an unknown god.
   466 | D:2      | Gained mutation: You are partially covered in molten
                  | scales. (AC +2) [demonic ancestry]
   466 | D:2      | Reached XP level 2. HP: 10/22 MP: 2/2
   772 | D:2      | Found Piosuges's General Store.
   815 | D:2      | Found Sushruaha's Jewellery Emporium.
   849 | D:2      | Reached skill level 1 in Stealth
  1045 | D:2      | Gained mutation: You are mostly covered in molten scales.
                  | (AC +3) [demonic ancestry]
  1045 | D:2      | Reached XP level 3. HP: 23/27 MP: 3/3
  1308 | D:2      | Found a hazy altar of Hepliaklqana.
  1540 | D:2      | Found Lige's General Store.
  1570 | D:2      | Found Bocosh's Book Emporium.
  1680 | D:2      | Became a worshipper of Hepliaklqana the Forgotten
  1802 | D:3      | Reached skill level 1 in Armour
  2012 | D:3      | Found a faded altar of an unknown god.
  2056 | D:3      | Reached XP level 4. HP: 33/33 MP: 4/4
  2261 | D:3      | Found a bloodstained altar of Trog.
  2305 | D:3      | Noticed Robin
  2339 | D:3      | Killed Robin
  2665 | D:4      | Reached * piety under Hepliaklqana
  2678 | D:4      | Found a staircase to the Ecumenical Temple.
  2975 | D:4      | Found a burning altar of Makhleb.
  2976 | D:4      | Found a shimmering altar of Xom.
  3179 | D:4      | Reached XP level 5. HP: 35/35 MP: 5/5
  3212 | D:4      | Noticed a necrophage
  3225 | D:4      | Killed a necrophage
  3226 | D:4      | Reached skill level 4 in Long Blades
  3305 | D:4      | Gained mutation: You have large cloven feet. [demonic
                  | ancestry]
  3305 | D:4      | Reached XP level 6. HP: 41/41 MP: 6/6
  3485 | D:4      | Found Fouloch's Weapon Emporium.
  3596 | D:5      | Entered Level 5 of the Dungeon
  3713 | D:5      | Noticed Pikel
  3741 | D:6      | Slain by a lemure

Illustrated notes

Levels and vault maps discovered:
D:1:      amcnicky_arrival_single_pillar, layout_basic, amethyst_killhole
D:2:      layout_basic, chequers_ecumenical_altar_simple, serial_shops,
          nicolae_shop_stone, nicolae_shop_hallway_stairs,
          nicolae_shop_advertising_works [nicolae_subvault_shop_adworks],
          nicolae_shop_waterfront, basic_altar
D:3:      layout_loops_ring, lightli_temple_of_fire,
          nicolae_overflow_ecumenical_swirl, tso_metal_star, fountainhead,
          minmay_fractal_squares_diagonal_5, uniq_robin
D:4:      layout_rooms, grunt_temple_overflow_champion_of_chaos,
          minmay_temple_entry_mist, serial_shops, shop
D:5:      layout_layer_cave, overflow_temple_1_default, uniq_pikel
D:6:      layout_basic

Skill      XL: |  1  2  3  4  5 |
---------------+----------------+-----
Long Blades    | 3 4 |  4.5
Stealth        | 1 |  1.5
Dodging        | 3 |  3.8
Armour         | 1 2 |  2.1
Fighting       | |  2.7
Throwing       | |  1.7

Action                   |  1- 3 |  4- 6 || total
-------------------------+-------+-------++-------
Melee: Long sword        |   103 |   138 ||   241
       Punch             |     1 |     2 ||     3
       Kick              |       |     8 ||     8
Invok: Ancestor Identity |       |     1 ||     1
  Use: Scroll            |     4 |     5 ||     9
 Stab: Sleeping          |     1 |       ||     1
Armor: Leather armour    |    31 |       ||    31
       Ice dragon scales |    19 |    71 ||    90
Dodge: Dodged            |    91 |    60 ||   151
